 Dungeon Crawl Stone Soup version 0.18.1-2-ga659475 (webtiles) character file.

13846 Chiseanne the Blocker (level 12, 0/100 HPs)
             Began as a Ghoul Earth Elementalist on May 8, 2016.
             Was a High Priest of Okawaru.
             Killed by divine providence
             ... invoked by an orc priest
              (13 damage)
             ... on level 2 of the Orcish Mines.
             The game lasted 00:44:28 (10414 turns).

Chiseanne the Blocker (Ghoul Earth Elementalist)   Turns: 10414, Time: 00:44:29

Health: 0/100      AC: 21    Str: 13    XL:     12   Next: 10%
Magic:  14/15      EV: 12    Int: 16    God:    Okawaru [*****.]
Gold:   1058       SH: 14    Dex: 13    Spells: 1 memorised, 13 levels left

rFire  + . .     SeeInvis .     a - +2 hand axe (venom)
rCold  + . .     Gourm    .     J - +3 scale mail {rF+}
rNeg   + + +     Faith    .     q - +1 shield
rPois  ∞         Spirit   .     H - +2 hat {MR+}
rElec  .         Dismiss  .     n - +0 cloak
rCorr  .         Reflect  .     A - +2 pair of gloves
SustAt .         Harm     .     y - +0 pair of boots
MR     +....                    (no amulet)
Stlth  ++........               (no ring)
                                O - +6 ring of intelligence

@: heroism, rotting, somewhat resistant to hostile enchantments, unstealthy
A: rotting body, claws 1, carnivore 3, cold resistance 1, negative energy
resistance 3, slow regeneration 1, torment resistance, unbreathing
a: Heroism, Finesse, Renounce Religion


You were on level 2 of the Orcish Mines.
You worshipped Okawaru.
Okawaru was extremely pleased with you.
You were not hungry.

You visited 3 branches of the dungeon, and saw 12 of its levels.
You also visited: Bailey.

You collected 1226 gold pieces.
You spent 168 gold pieces at shops.

Inventory:

Hand Weapons
 a - a +2 hand axe of venom (weapon)
 g - a +0 broad axe
 s - a +3 whip of electrocution
 w - a +0 hunting sling
 N - a +0 broad axe
Missiles
 b - 157 stones
 f - 7 curare-tipped needles
 i - 118 bolts
 m - 77 sling bullets
 u - 43 poisoned needles
 C - 8 javelins
 K - 2 throwing nets
 L - 11 tomahawks
 M - 17 tomahawks of returning (quivered)
Armour
 n - a +0 cloak (worn)
 q - a +1 shield (worn)
 y - a +0 pair of boots (worn)
 A - a +2 pair of gloves (worn)
 H - a +2 hat of magic resistance (worn)
 J - a +3 scale mail of fire resistance (worn)
Jewellery
 v - an uncursed ring of ice
 O - a +6 ring of intelligence (left hand)
Wands
 e - a wand of slowing (15/48)
 r - a wand of hasting (1/9)
 t - a wand of teleportation (7/9)
Scrolls
 h - a scroll of amnesia
 o - 3 scrolls of remove curse
 x - a scroll of fear
 z - a scroll of magic mapping
 D - 2 scrolls of immolation
 E - a scroll of fog
 G - 6 scrolls of identify
 I - 3 scrolls of teleportation
 Q - a scroll of blinking
Potions
 k - 5 potions of heal wounds
 p - a potion of might
 B - 4 potions of curing
Books
 c - a book of Geomancy

   Spells                             Type                      Level
   a - Sandblast                      Earth                        1
   b - Passwall                       Transmutation/Earth          2
   c - Stone Arrow                    Conjuration/Earth            3
   d - Petrify                        Transmutation/Earth          4
   e - Lee's Rapid Deconstruction     Earth                        5
 F - a book of the Sky

   Spells                             Type                      Level
   a - Summon Lightning Spire         Summoning/Air                4
   b - Airstrike                      Air                          4
   c - Silence                        Hexes/Air                    5
   d - Deflect Missiles               Charms/Air                   6
   e - Conjure Ball Lightning         Conjuration/Air              6
   f - Tornado                        Air                          9
 P - a Fen Folio

   Spells                             Type                      Level
   a - Corpse Rot                     Necromancy                   2
   b - Stone Arrow                    Conjuration/Earth            3
   c - Leda's Liquefaction            Hexes/Earth                  4
   d - Summon Forest                  Summoning/Translocation      5
   e - Hydra Form                     Transmutation                6
   f - Summon Hydra                   Summoning                    7
Miscellaneous
 S - a lamp of fire
Comestibles
 d - 6 meat rations
 j - 2 chunks of flesh
 l - 11 beef jerkies


   Skills:
 - Level 7.6(12.6) Fighting
 * Level 8.1(13.1) Axes
 * Level 9.1(14.1) Armour
 - Level 1.7(6.7) Dodging
 - Level 2.1(7.1) Stealth
 * Level 9.8(14.8) Shields
 - Level 1.7 Spellcasting
   Level 0.8 Transmutations
 - Level 3.2 Earth Magic
 + Level 6.0 Invocations


You had 13 spell levels left.
You knew the following spells:

 Your Spells              Type           Power        Failure   Level  Hunger
a - Sandblast             Erth           ##....       21%         1    ##.....


Dungeon Overview and Level Annotations

Branches:
Dungeon (9/15)             Temple (1/1) D:4            Lair (0/8) D:9
    Orc (2/2) D:9             Elf (0/3) Orc:2

Altars:
Ashenzari
Cheibriados
Dithmenos
Fedhas
Gozag
Kikubaaqudgha
Makhleb
Nemelex Xobeh
Okawaru
Pakellas
Qazlal
Ru
Trog
Vehumet
Xom
Yredelemnul
Zin
The Shining One
Beogh

Shops:
D:5 [

Annotations:
D:3 lightmor's ghost, amateur MiBe
D:5 Rationalist's ghost, novice DsBe


Innate Abilities, Weirdness & Mutations

Your body is rotting away.
You thrive on raw meat.
You are immune to poison.
You have sharp fingernails.
You are carnivorous and can eat meat at any time.
Your flesh is cold resistant.
You are immune to negative energy.
You regenerate slowly when monsters are visible.
You are immune to unholy pain and torment.
You can survive without breathing.


Message History

You kill the orc priest!
Okawaru accepts your kill.
You hit the orc priest.
The orc priest is poisoned.
The orc priest is moderately wounded.
The orc priest calls down the wrath of Beogh upon you.
Beogh smites you! You block the orc priest's attack.
The orc priest mumbles some strange prayers to Beogh against you.
You easily resist.
The orc priest calls down the wrath of Beogh upon you.
Beogh smites you!
An orc comes into view. It is wielding a short sword.
The orc priest invokes the aid of Beogh against you.
Beogh smites you!
* * * LOW HITPOINT WARNING * * *
The orc priest calls down the wrath of Beogh upon you.
Beogh smites you!
* * * LOW HITPOINT WARNING * * *
The orc priest mumbles some strange prayers to Beogh against you.
Beogh smites you!
You die...

##.#.......................#.....
##.#...........................#
#...................#.......#.##
###..............#..#.#.....####
##.#...#.o....................##
........#....[.................##
##............[).................
#..#..........[<)...............)
...............)@.....######..###
#..#.............)....# #..#
#...............o.....# #..#
#....#.#........o.o#..# #..#
##.####........#...#..# #..# ###
#...........)oh.h# #...
##.....##....[....o.. ...
####.##.........###o
#####........#


You could see a warg, 4 orc priests and an orc (wandering).

Vanquished Creatures
  An orc warlord (Bailey)
  2 orc high priests
  The ghost of Catbag the Spear-Bearer, a novice MiBe of Trog (Bailey)
  The ghost of MagicLamp the Martial Artist, a novice MfTm of Cheibriados (D:9)
  Pikel (D:4)
  2 orc knights
  3 orc sorcerers
  A troll (D:9)
  Prince Ribbit (D:9)
  Grum (D:9)
  2 hungry ghosts
  4 wargs
  2 hell hounds (D:9)
  A water moccasin (D:9)
  13 orc warriors
  2 sky beasts
  2 ice beasts
  2 phantoms (D:5)
  A black bear (D:8)
  3 wolves (D:9)
  11 ogres
  12 centaurs
  2 big kobolds (D:7)
  4 giant frogs
  2 scorpions
  Dowan (D:4)
  6 killer bees (D:9)
  A howler monkey (D:4)
  2 crimson imps
  2 giant frog zombies (D:9)
  2 hounds (D:7)
  16 orc wizards
  12 orc priests
  2 gnoll shamans (D:7)
  A centaur skeleton (D:6)
  A giant frog skeleton (D:5)
  An iron imp (D:8)
  5 worker ants
  10 gnolls
  2 howler monkey skeletons (D:7)
  8 adders
  3 shadow imps
  An adder zombie (D:5)
  2 adder skeletons
  A dart slug (D:1)
  4 worms
  2 giant geckos
  42 orcs
  10 bats
  3 giant cockroaches
  14 goblins
  17 hobgoblins
  A jackal (D:7)
  2 quokkas
  3 ball pythons
  8 giant newts
  27 kobolds
  A quokka skeleton (D:7)
  8 rats
  A plant (D:7)
299 creatures vanquished.

Vanquished Creatures (others)
  Duvessa (D:4)
  4 plants (D:7)
5 creatures vanquished.

Grand Total: 304 creatures vanquished

Notes
Turn   | Place    | Note
--------------------------------------------------------------
     0 | D:1      | Chiseanne the Ghoul Earth Elementalist began the quest for the Orb.
     0 | D:1      | Reached XP level 1. HP: 14/14 MP: 2/2
   147 | D:1      | Reached skill level 1 in Fighting
   277 | D:1      | Reached XP level 2. HP: 18/24 MP: 3/3
   624 | D:1      | Reached skill level 1 in Shields
   624 | D:1      | Reached XP level 3. HP: 24/30 MP: 2/4
  1417 | D:2      | Found a bloodstained altar of Trog.
  1771 | D:3      | Noticed lightmor's ghost (amateur MiBe)
  2234 | D:3      | Reached XP level 4. HP: 30/35 MP: 5/5
  2381 | D:3      | Noticed an ogre
  2392 | D:3      | Killed an ogre
  2392 | D:3      | Reached skill level 1 in Armour
  2392 | D:3      | Reached XP level 5. HP: 16/45 MP: 6/6
  2852 | D:4      | Noticed an ogre
  2857 | D:4      | Killed an ogre
  2857 | D:4      | Reached XP level 6. HP: 21/52 MP: 7/7
  2861 | D:4      | Noticed Dowan
  2864 | D:4      | Noticed Duvessa
  2889 | D:4      | Killed Dowan
  2901 | D:4      | Noticed Pikel
  2901 | D:4      | Noticed a slave
  2903 | D:4      | Noticed a slave
  2904 | D:4      | Noticed a slave
  2908 | D:4      | Noticed a slave
  2942 | D:4      | Killed Pikel
  2942 | D:4      | Reached skill level 5 in Fighting
  2942 | D:4      | Reached XP level 7. HP: 38/61 MP: 8/8
  2946 | D:4      | Killed Duvessa
  3036 | D:4      | Found a staircase to the Ecumenical Temple.
  3060 | Temple   | Entered the Ecumenical Temple
  3090 | Temple   | Became a worshipper of Warmaster Okawaru
  3125 | D:4      | Reached XP level 8. HP: 63/70 MP: 9/9
  3172 | D:4      | Found an ancient bone altar of Kikubaaqudgha.
  3179 | D:4      | Found an opulent altar of Gozag.
  3182 | D:4      | Found a sparkling altar of Nemelex Xobeh.
  3197 | D:4      | Found a burning altar of Makhleb.
  3484 | D:4      | Found a shimmering altar of Xom.
  3508 | D:5      | Entered Level 5 of the Dungeon
  3662 | D:5      | Noticed Rationalist's ghost (novice DsBe)
  3924 | D:5      | Reached * piety under Okawaru
  3924 | D:5      | Reached skill level 5 in Shields
  3991 | D:6      | Found a shattered altar of Ashenzari.
  4213 | D:6      | Reached skill level 1 in Axes
  4583 | D:5      | Reached skill level 5 in Armour
  4596 | D:5      | Found a blossoming altar of Fedhas.
  4636 | D:5      | Reached XP level 9. HP: 28/77 MP: 10/10
  4963 | D:5      | Found Qaunull's Antique Armour Shoppe.
  4968 | D:5      | Bought a shiny scale mail for 84 gold pieces
  4968 | D:5      | Bought a runed scale mail for 84 gold pieces
  5479 | D:7      | Reached ** piety under Okawaru
  5546 | D:7      | Found a sacrificial altar of Ru.
  6045 | D:7      | Reached skill level 1 in Invocations
  6261 | D:7      | Reached *** piety under Okawaru
  6377 | D:7      | Reached XP level 10. HP: 23/86 MP: 11/11
  6792 | D:8      | Found a flagged portal.
  6815 | D:8      | Got a warped hand axe
  6818 | D:8      | Identified the +6 hand axe of Paper {drain, Dex+2} (You found it on level 8 of the Dungeon)
  6824 | Bailey   | Entered a bailey
  6829 | Bailey   | Noticed an orc warlord
  6926 | Bailey   | Noticed Catbag's ghost (novice MiBe)
  6935 | Bailey   | Noticed an orc knight
  6951 | Bailey   | Killed Catbag's ghost
  6985 | Bailey   | Killed an orc knight
  6985 | Bailey   | Reached **** piety under Okawaru
  6985 | Bailey   | Reached skill level 5 in Axes
  7091 | Bailey   | Found a runed gate.
  7093 | Bailey   | Found a runed gate.
  7095 | Bailey   | Found a runed gate.
  7214 | Bailey   | Killed an orc warlord
  7250 | Bailey   | Identified a scroll of acquirement
  7466 | D:8      | Found a sacrificial altar of Ru.
  7520 | D:8      | Found a snail-covered altar of Cheibriados.
  8091 | D:9      | Reached XP level 11. HP: 92/92 MP: 13/13
  8092 | D:9      | Noticed MagicLamp's ghost (novice MfTm)
  8149 | D:9      | Found a staircase to the Lair.
  8159 | D:9      | Noticed Prince Ribbit
  8188 | D:9      | Killed Prince Ribbit
  8230 | D:9      | Found a staircase to the Orcish Mines.
  8446 | D:9      | Noticed Grum
  8562 | D:9      | Killed Grum
  8751 | D:9      | Killed MagicLamp's ghost
  8751 | D:9      | Reached ***** piety under Okawaru
  8957 | Orc:1    | Entered Level 1 of the Orcish Mines
  9419 | Orc:1    | Noticed an orc knight
  9446 | Orc:1    | Killed an orc knight
  9446 | Orc:1    | Reached skill level 5 in Invocations
  9485 | Orc:1    | Noticed an orc high priest
  9486 | Orc:1    | Noticed an orc sorcerer
  9562 | D:9      | Killed an orc high priest
  9834 | Orc:1    | Noticed an orc sorcerer
  9841 | Orc:1    | Killed an orc sorcerer
  9845 | Orc:1    | Paralysed by an orc sorcerer for 3 turns
  9853 | Orc:1    | Killed an orc sorcerer
  9972 | Orc:2    | Entered Level 2 of the Orcish Mines
 10018 | Orc:2    | Found a roughly hewn altar of Beogh.
 10033 | Orc:2    | Noticed an orc sorcerer
 10072 | Orc:2    | Killed an orc sorcerer
 10139 | Orc:2    | Found a staircase to the Elven Halls.
 10156 | Orc:2    | Reached XP level 12. HP: 94/100 MP: 15/15
 10287 | Orc:2    | Noticed an orc high priest
 10300 | Orc:2    | Noticed an orc high priest
 10363 | Orc:2    | Killed an orc high priest
 10414 | Orc:2    | Killed from afar by an orc priest

Skill      XL: |  1  2  3  4  5  6  7  8  9 10 11 12 |
---------------+-------------------------------------+-----
Fighting       | 1 2 3 4 5 7 |  7.6
Shields        | 1 2 4 5 6 8 9 |  9.8
Armour         | 1 2 3 5 6 7 8 9 |  9.1
Axes           | 1 4 6 7 8 |  8.1
Invocations    | 2 4 5 6 |  6.0
Dodging        | |  1.7
Stealth        | |  2.1
Spellcasting   | |  1.7
Transmutations | |  0.8
Earth Magic    | |  3.2

Action                   |  1- 3 |  4- 6 |  7- 9 | 10-12 || total
-------------------------+-------+-------+-------+-------++-------
Melee: Dagger            |   140 |   105 |   103 |       ||   348
       Short sword       |     4 |       |       |       ||     4
       Unarmed           |     4 |       |       |       ||     4
       Hand axe          |       |       |   318 |   619 ||   937
       Whip              |       |       |    23 |   101 ||   124
Throw: Tomahawk          |       |       |       |    21 ||    21
 Cast: Sandblast         |    10 |       |       |       ||    10
Invok: Heroism           |       |       |       |    15 ||    15
Evoke: Wand              |       |     6 |     1 |     7 ||    14
  Use: Scroll            |     7 |     2 |    11 |     8 ||    28
       Potion            |       |       |     3 |     2 ||     5
 Stab: Sleeping          |     2 |     1 |       |       ||     3
       Distracted        |       |       |     1 |       ||     1
       Paralysed         |       |       |     2 |       ||     2
  Eat: Chunk             |    26 |    19 |    35 |    86 ||   166
       Pizza             |       |       |     2 |       ||     2
Armor: Robe              |    48 |     1 |       |       ||    49
       Leather armour    |       |    18 |    50 |       ||    68
       Ring mail         |       |       |    40 |       ||    40
       Scale mail        |       |       |   106 |   256 ||   362
Dodge: Dodged            |    81 |    34 |   141 |   174 ||   430
Block: Shield            |    50 |    43 |   229 |   390 ||   712
